 Dungeon Sprint DCSS version 0.27.1-34-g3ba077fa99 (webtiles) character file.

Game seed: 11813854431431630252

15463 boopmooplesden the Stickfighter (level 12, -7/125 HPs)
             Began as a Minotaur Gladiator on Jan 5, 2022.
             Was a High Priest of Okawaru.
             Mangled by Aizul (8 damage)
             ... in the Dungeon (Sprint VII: "The Pits").
             The game lasted 00:08:34 (2924 turns).

boopmooplesden the Stickfighter (MiGl)              Turns: 2924, Time: 00:08:34

Health: -7/125     AC: 27    Str: 22    XL:     12   Next: 1%
Magic:  14/16      EV: 19    Int:  8    God:    Okawaru [*****.]
Gold:   12         SH:  0    Dex: 14    Spells: 11/11 levels left

rFire    . . .     SeeInvis .   f - +8 quarterstaff "Fecy" {elec, Will+}
rCold    . . .     Faith    .   (shield currently unavailable)
rNeg     . . .     Spirit   .   v - +4 chain mail
rPois    .         Reflect  .   c - +2 hat
rElec    .         Harm     .   t - +0 cloak
rCorr    .         Rampage  .   u - +2 pair of gloves
Will     +....     NoTele   +   (no boots)
Stlth    ..........             (no amulet)
HPRegen  0.30/turn              b - +3 ring of evasion
MPRegen  0.15/turn              q - +3 ring of intelligence

@: lethally poisoned (-7 -> -14), heroic, slowed, very slow
A: horns 2, retaliatory headbutt
a: Renounce Religion, Heroism, Finesse


You were in the Dungeon.
You worshipped Okawaru.
Okawaru was extremely pleased with you.
You visited 1 branch You collected 12 gold pieces.

Inventory:

Hand Weapons
 a - a +0 quarterstaff
 f - the +8 quarterstaff "Fecy" (weapon) {elec, Will+}
   (Okawaru gifted it to you in the Dungeon)

   It occasionally discharges a powerful burst of electricity upon striking a
   foe.
   Will:      It increases your willpower.
 k - a +2 quarterstaff
 o - a +2 quarterstaff of speed
 s - a +5 quarterstaff of speed
Missiles
 d - 3 throwing nets (quivered)
Armour
 c - a +2 hat (worn)
 p - a +3 chain mail
 t - a +0 cloak (worn)
 u - a +2 pair of gloves (worn)
 v - a +4 chain mail (worn)
Jewellery
 b - a +3 ring of evasion (left hand)
 q - a +3 ring of intelligence (right hand)
 w - a +6 ring of intelligence
 x - a ring of poison resistance
 A - a ring of protection from fire
 C - a ring of resist corrosion
Scrolls
 j - 2 scrolls of blinking
 m - 6 scrolls of amnesia
 n - a scroll of summoning
 B - 4 scrolls of identify
 H - a scroll of fog
 I - a scroll of fear
Potions
 e - 10 potions of curing
 g - a potion of haste
 h - 4 potions of magic
 i - 6 potions of berserk rage
 l - 2 potions of invisibility
 r - 2 potions of brilliance
 E - a potion of resistance
 G - 3 potions of might
Miscellaneous
 y - a lightning rod (1/4)


   Skills:
 + Level 17.2(22.2) Fighting
 + Level 20.5(25.5) Staves
 + Level 4.8(9.8) Throwing
 + Level 15.6(20.6) Armour
 + Level 12.5(17.5) Dodging
 + Level 1.3(6.3) Stealth
 + Level 6.7 Invocations
 + Level 1.7 Evocations


You had 11 spell levels left.
You didn't know any spells.
Your spell library was empty.

Dungeon Overview and Level Annotations

Branches:
Dungeon (1/1)

Altars:
Ashenzari
Cheibriados
Dithmenos
Elyvilon
Fedhas
Gozag
Hepliaklqana
Kikubaaqudgha
Makhleb
Nemelex Xobeh
Okawaru
Qazlal
Ru
Sif Muna
Trog
Uskayaw
Vehumet
Wu Jian
Xom
Yredelemnul
Zin
The Shining One
Beogh
Jiyva
Lugonu

Annotations:
D Aizul


Innate Abilities, Weirdness & Mutations

You have a pair of horns on your head.
You reflexively headbutt those who attack you in melee.


Message History

The thunderbolt hits the yaktaur!!
The yaktaur is moderately wounded.
The thunderbolt hits the ynoxinul.
The ynoxinul resists.
You kill the ynoxinul!
Okawaru accepts your kill.
The thunderbolt hits the green draconian!
The green draconian is lightly wounded.
The thunderbolt hits Aizul!!
Aizul is severely wounded.
You feel very sick.
Aizul hums a lullaby.
Aizul completely misses you.
A kobold demonologist comes into view. It is wielding a +2 dagger of freezing.
Aizul hits you.
* * * LOW HITPOINT WARNING * * *
An elephant comes into view.
Unknown command.
Aiming: Thunderbolt
Press: ? - help, Shift-Dir - straight line, f/p - Aizul
Aim: Aizul (severely wounded)
The thunderbolt hits the elephant!!
The elephant is moderately wounded.
The thunderbolt hits the yaktaur!!
You kill the yaktaur!
Okawaru accepts your kill.
The thunderbolt hits the kobold demonologist!!
The kobold demonologist is severely wounded.
The thunderbolt hits the green draconian!
The green draconian is moderately wounded.
The thunderbolt hits Aizul!
Aizul is severely wounded.
You feel very sick.
Aizul says, "I wasn't actually sleeping!"
Aizul hits you!
* * * LOW HITPOINT WARNING * * *
The green draconian hits you from afar with a +0 trident.
* * * LOW HITPOINT WARNING * * *
Aizul yawns, and then pretends she didn't.
Aizul hits you!
You die...

## #.# #)# #Y# #K#
#d#
#########S######..
###
..........@.......
_.#
..................
_.# ######''#########
..###########''######
#'##................#
'.##......#..#......#
#.##................+
...'................+
####......#..#......#


You could see Aizul, a green draconian, an elephant and a kobold demonologist.

Vanquished Creatures
  A death cob (D)
  A white draconian (D)
  A boulder beetle (D)
  A two-headed ogre (D)
  A merfolk avatar (D)
  A flayed ghost (D)
  A cherub (D)
  A phantasmal warrior (D)
  2 bog bodies (D)
  A wolf spider (D)
  A deep elf pyromancer (D)
  A cyclops (D)
  An elephant (D)
  A salamander (D)
  A black mamba (D)
  A naga mage (D)
  2 orange demons (D)
  A cane toad (D)
  A yaktaur (D)
  2 efreet (D)
  2 ice devils (D)
  2 freezing wraiths (D)
  2 red devils (D)
  A guardian mummy (D)
  A troll (D)
  2 tyrant leeches (D)
  A flying skull (D)
  A ynoxinul (D)
  A wyvern (D)
  2 redbacks (D)
  A small abomination (D)
  3 nagas (D)
  2 floating eyes (D)
  An orc warrior (D)
  3 sky beasts (D)
  A black bear (D)
  2 wolves (D)
  A phantom (D)
  A scorpion (D)
  4 wights (D)
  2 hounds (D)
  An iron imp (D)
  A mummy (D)
  2 adders (D)
  4 ufetubi (D)
  An adder zombie (D)
  2 orcs (D)
  3 jackals (D)
  A quokka (D)
  A ball python (D)
  A ball python skeleton (D)
  A bat simulacrum (D)
  2 frilled lizards (D)
  A kobold (D)
80 creatures vanquished.

Vanquished Creatures (others)
  A rat (D)
1 creature vanquished.

Grand Total: 81 creatures vanquished

Notes
Turn   | Place    | Note
-------+----------+-------------------------------------------
     0 | D        | boopmooplesden the Minotaur Gladiator began the quest for
                  | the Orb.
     0 | D        | Reached XP level 1. HP: 18/18 MP: 0/0
    43 | D        | Found a glowing golden altar of the Shining One.
    43 | D        | Found a glowing silver altar of Zin.
    43 | D        | Found a basalt altar of Yredelemnul.
    43 | D        | Found a shimmering altar of Xom.
    43 | D        | Found an ornate altar of the Wu Jian Council.
    43 | D        | Found a bloodstained altar of Trog.
    43 | D        | Found a shimmering blue altar of Sif Muna.
    43 | D        | Found a sacrificial altar of Ru.
    43 | D        | Found a stormy altar of Qazlal.
    43 | D        | Found an iron altar of Okawaru.
    43 | D        | Found a sparkling altar of Nemelex Xobeh.
    43 | D        | Found a burning altar of Makhleb.
    43 | D        | Found a viscous altar of Jiyva.
    43 | D        | Found a hazy altar of Hepliaklqana.
    43 | D        | Found an opulent altar of Gozag.
    43 | D        | Found a blossoming altar of Fedhas.
    43 | D        | Found a white marble altar of Elyvilon.
    43 | D        | Found a shadowy altar of Dithmenos.
    43 | D        | Found a snail-covered altar of Cheibriados.
    44 | D        | Found a radiant altar of Vehumet.
    44 | D        | Found a corrupted altar of Lugonu.
    45 | D        | Found a hide-covered altar of Uskayaw.
    45 | D        | Found an ancient bone altar of Kikubaaqudgha.
    45 | D        | Found a broken altar of Ashenzari.
    49 | D        | Became a worshipper of Warmaster Okawaru
    62 | D        | Reached skill level 4 in Staves
    75 | D        | Reached XP level 2. HP: 7/26 MP: 1/1
    79 | D        | Reached skill level 5 in Staves
   316 | D        | Noticed a scorpion
   317 | D        | Noticed a floating eye
   328 | D        | Paralysed by a floating eye for 3 turns
   329 | D        | Reached skill level 6 in Staves
   329 | D        | Reached skill level 1 in Armour
   329 | D        | Reached skill level 5 in Dodging
   329 | D        | Reached XP level 3. HP: 24/33 MP: 2/2
   333 | D        | Killed a scorpion
   334 | D        | Reached skill level 7 in Staves
   334 | D        | Reached XP level 4. HP: 31/41 MP: 3/3
   334 | D        | Killed a floating eye
   334 | D        | Reached * piety under Okawaru
   335 | D        | Reached skill level 5 in Fighting
   335 | D        | Reached skill level 9 in Staves
   335 | D        | Reached XP level 5. HP: 36/48 MP: 4/4
   404 | D        | Noticed a floating eye
   406 | D        | Noticed an orc warrior
   406 | D        | Noticed a sky beast
   411 | D        | Paralysed by a floating eye for 2 turns
   419 | D        | Killed a floating eye
   420 | D        | Reached skill level 10 in Staves
   420 | D        | Reached skill level 5 in Armour
   420 | D        | Reached XP level 6. HP: 29/57 MP: 5/5
   432 | D        | Killed an orc warrior
   438 | D        | Killed a sky beast
   438 | D        | Reached ** piety under Okawaru
   439 | D        | Reached skill level 11 in Staves
   439 | D        | Reached XP level 7. HP: 28/64 MP: 3/6
   450 | D        | Reached skill level 10 in Dodging
   711 | D        | Noticed a flying skull
   722 | D        | Killed a flying skull
   723 | D        | Reached skill level 12 in Staves
   725 | D        | Noticed an efreet
   732 | D        | Killed an efreet
   733 | D        | Reached XP level 8. HP: 46/75 MP: 4/7
   880 | D        | Reached skill level 13 in Staves
   884 | D        | Noticed an ice devil
   884 | D        | Noticed a cyclops
   903 | D        | Killed an ice devil
   903 | D        | Reached *** piety under Okawaru
   904 | D        | Reached skill level 1 in Invocations
   917 | D        | Killed a cyclops
   917 | D        | Reached **** piety under Okawaru
   918 | D        | Reached skill level 10 in Fighting
   918 | D        | Reached skill level 14 in Staves
   918 | D        | Reached skill level 10 in Armour
  1136 | D        | Noticed a tyrant leech
  1136 | D        | Noticed a guardian mummy
  1145 | D        | Killed a guardian mummy
  1146 | D        | Reached XP level 9. HP: 76/86 MP: 5/9
  1155 | D        | Killed a tyrant leech
  1162 | D        | Noticed a freezing wraith
  1163 | D        | Noticed a bog body
  1171 | D        | Killed a freezing wraith
  1172 | D        | Reached skill level 15 in Staves
  1177 | D        | Noticed a tyrant leech
  1183 | D        | Killed a bog body
  1183 | D        | Reached ***** piety under Okawaru
  1185 | D        | Noticed a boulder beetle
  1185 | D        | Noticed a black mamba
  1191 | D        | Killed a tyrant leech
  1197 | D        | Killed a black mamba
  1198 | D        | Reached skill level 16 in Staves
  1198 | D        | Reached skill level 1 in Stealth
  1222 | D        | Killed a boulder beetle
  1222 | D        | Received a gift from Okawaru
  1223 | D        | Reached XP level 10. HP: 42/100 MP: 7/11
  1454 | D        | Noticed a phantasmal warrior
  1467 | D        | Killed a phantasmal warrior
  1468 | D        | Reached skill level 17 in Staves
  1581 | D        | Noticed a flayed ghost
  1583 | D        | Noticed a cane toad
  1586 | D        | Noticed an orange demon
  1588 | D        | Killed a flayed ghost
  1602 | D        | Killed a cane toad
  1618 | D        | Killed an orange demon
  1648 | D        | Reached skill level 18 in Staves
  1876 | D        | Noticed an orange demon
  1883 | D        | Killed an orange demon
  1924 | D        | Noticed a cherub
  1924 | D        | Noticed a naga mage
  1924 | D        | Noticed a salamander
  1924 | D        | Noticed a bog body
  1942 | D        | Killed a salamander
  1947 | D        | Killed a bog body
  1951 | D        | Killed a naga mage
  1952 | D        | Reached XP level 11. HP: 101/111 MP: 7/13
  1960 | D        | Received a gift from Okawaru
  1989 | D        | Killed a cherub
  1990 | D        | Reached skill level 15 in Fighting
  1990 | D        | Reached skill level 5 in Invocations
  2000 | D        | Reached skill level 19 in Staves
  2341 | D        | Noticed a wolf spider
  2342 | D        | Noticed a deep elf pyromancer
  2368 | D        | Killed a wolf spider
  2411 | D        | Killed a deep elf pyromancer
  2411 | D        | Identified the +8 quarterstaff "Fecy" {elec, Will+}
                  | (Okawaru gifted it to you in the Dungeon)
  2411 | D        | Received a gift from Okawaru
  2417 | D        | Noticed a two-headed ogre
  2425 | D        | Killed a two-headed ogre
  2905 | D        | Noticed a merfolk avatar
  2906 | D        | Noticed a death cob
  2909 | D        | Noticed a white draconian
  2910 | D        | Noticed Aizul
  2912 | D        | Killed a death cob
  2912 | D        | Identified the +4 great sword of Domination {vorpal, rF+
                  | rC+ Int+6} (Okawaru gifted it to you in the Dungeon)
  2912 | D        | Received a gift from Okawaru
  2913 | D        | Reached skill level 20 in Staves
  2913 | D        | Reached skill level 15 in Armour
  2914 | D        | Killed a merfolk avatar
  2915 | D        | Reached skill level 1 in Evocations
  2919 | D        | HP: 3/117 [white draconian/blast of cold (28)]
  2921 | D        | Noticed a green draconian
  2921 | D        | Killed a white draconian
  2922 | D        | Reached XP level 12. HP: 37/125 MP: 14/16
  2924 | D        | HP: 4/125 [Aizul (12)]
  2924 | D        | HP: 1/125 [green draconian (3)]
  2924 | D        | Mangled by Aizul

Illustrated notes

Levels and vault maps discovered:
D:        pitsprint [storerooms_1, entrance_room_1, metal_vault_4, armoury_2,
          mini_pit_1, grid_room_1, main_hall_1, silver_pit, the_coven_3,
          the_vestibule_1, steel_vault_1, golden_pit, hallway_of_sentries,
          crystal_vault_2, iron_vault_4, final_vault]

Skill      XL: |  1  2  3  4  5  6  7  8  9 10 11 |
---------------+----------------------------------+-----
Staves         | 4 6 7 9 10 11 12 14 16 18 20 | 20.5
Dodging        | 4 5 6 8 9 10 11 12 | 12.5
Fighting       | 3 4 5 6 8 10 12 14 17 | 17.2
Armour         | 1 3 4 5 6 8 10 12 13 15 | 15.6
Throwing       | 3 4 |  4.8
Invocations    | 1 3 4 6 |  6.7
Stealth        | 1 |  1.3
Evocations     | 1 |  1.7

Action                   |  1- 3 |  4- 6 |  7- 9 | 10-12 || total
-------------------------+-------+-------+-------+-------++-------
Melee: Quarterstaff      |    21 |    22 |   132 |   197 ||   372
       Headbutt          |     1 |     6 |    27 |    38 ||    72
Throw: Throwing net      |       |       |     1 |       ||     1
Invok: Heroism           |       |     1 |     5 |     6 ||    12
       Finesse           |       |       |       |     1 ||     1
Evoke: Lightning rod     |       |       |       |    10 ||    10
  Use: Potion            |       |     2 |     3 |     6 ||    11
       Scroll            |       |       |       |     5 ||     5
Armor: Leather armour    |    12 |       |       |       ||    12
       Chain mail        |       |     1 |    21 |    52 ||    74
Dodge: Dodged            |    30 |     5 |    54 |    99 ||   188
